 Dungeon Crawl Stone Soup version 0.31.0-11-ge490571c62 (webtiles) character file.

Game seed: 8937852942276653004

196 stipulation the Grave Robber (level 5, -2/24 HPs)
             Began as a Vine Stalker Necromancer on Jan 29, 2024.
             Slain by Pikel
             ... wielding a +2 whip of electrocution
              (7 damage)
             ... on level 3 of the Dungeon.
             The game lasted 00:04:57 (3496 turns).

stipulation the Grave Robber (VSNe)                 Turns: 3496, Time: 00:04:58

Health: -2/24      AC:  2    Str: 10    XL:     5   Next: 74%
Magic:  0/12       EV: 17    Int: 17    God:
Gold:   140        SH:  0    Dex: 15    Spells: 4/12 levels left

rFire   . . .        g - +0 dagger
rCold   . . .        (no shield)
rNeg    . . .        a - +0 robe
rPois   .            (no helmet)
rElec   .            (no cloak)
rCorr   .            (no gloves)
SInv    .            (no boots)
Will    .....        r - amulet of regeneration
Stlth   ++           j - +5 ring of evasion
HPRegen 1.84/turn    (no ring)
MPRegen 0.13/turn

%: guardian spirit
@: no status effects
A: fangs 2, regeneration 1, magic shield, antimagic bite, no potion heal 2
a: no special abilities


You were on level 3 of the Dungeon.
You visited 1 branch of the dungeon, and saw 4 of its levels.

You collected 140 gold pieces.

Inventory:

Hand Weapons
 g - a +0 dagger (weapon)
Armour
 a - a +0 robe (worn)
 c - an orb of guile
Jewellery
 j - a +5 ring of evasion (left hand)
 r - an amulet of regeneration (around neck)
 s - an amulet of magic regeneration
Scrolls
 d - 3 scrolls of teleportation
 e - 2 scrolls of fog
 i - 2 scrolls of vulnerability
 m - a scroll of poison
 n - a scroll of enchant armour
Potions
 b - a potion of magic
 f - a potion of attraction
 h - a potion of might {unknown}
 k - a potion of brilliance
 l - a potion of lignification {unknown}
 o - 2 potions of enlightenment
 p - a potion of mutation
 q - a potion of curing {unknown}
 t - a potion of invisibility {unknown}


   Skills:
 - Level 1.5 Dodging
 - Level 2.4 Stealth
 + Level 4.4 Spellcasting
 + Level 5.5 Necromancy


You had 4 spell levels left.
You knew the following spells:

 Your Spells              Type           Power      Damage    Failure   Level
a - Necrotise             Necr           88%        1d8       1%          1
b - Vampiric Draining     Necr           22%        2d7       4%          3
c - Animate Dead          Necr           22%        N/A       16%         4

Your spell library contained the following spells:

 Spells                   Type           Power      Damage    Failure   Level
 Kiss of Death            Conj/Necr      52%        2d9       4%          1
 Dispel Undead            Necr           22%        3d12      16%         4
 Confusing Touch          Hex            3%         N/A       41%         3
 Curse of Agony           Necr           22%        N/A       38%         5


Dungeon Overview and Level Annotations

Branches:
Dungeon (4/15)
 Temple: D:4-7

Altars:
Nemelex Xobeh

Shops:
D:1 *   D:3 *

Annotations:
D:3 Pikel
D:4 exclusion: upstairs


Innate Abilities, Weirdness & Mutations

You have extremely sharp teeth.
Your natural rate of healing is unusually fast.
When hurt, damage is shared between your health and your magic reserves.
Your bite disrupts and absorbs the magic of your enemies.
Potions cannot restore your health.


Message History

Pikel is severely wounded.
Pikel misses you.
You hit Pikel. You bite Pikel, but do no damage.
Pikel is severely wounded.
Pikel hits you with a +2 whip of electrocution!
* * * LOW HITPOINT WARNING * * *
You barely miss Pikel.
Pikel is severely wounded.
Pikel closely misses you.
You barely miss Pikel.
Pikel is severely wounded.
Pikel misses you.
You hit Pikel but do no damage. You bite Pikel. You drain his power.
You feel invigorated.
Pikel is severely wounded.
Pikel misses you.
Casting: Vampiric Draining (quite dangerous; 4% risk of failure)
Confirm with . or Enter, or press ? or * to list all spells.
Aiming: Necrotise (safe; 1% risk of failure)
Press: ? - help, Shift-Dir - straight line, f/p - Pikel
Aim: Pikel, wielding a +2 whip of electrocution and wearing a +0 robe (severely wounded, chance to affect: 81%) Pikel writhes in agony!
Pikel hits you with a +2 whip of electrocution!
* * * LOW HITPOINT WARNING * * *
You closely miss Pikel. Your bite misses Pikel.
Pikel is almost dead.
Pikel misses you.
Casting: Necrotise (safe; 1% risk of failure)
Confirm with . or Enter, or press ? or * to list all spells.
Aiming: Necrotise (safe; 1% risk of failure)
Press: ? - help, Shift-Dir - straight line, f/p - Pikel
Aim: Pikel, wielding a +2 whip of electrocution and wearing a +0 robe (almost dead, chance to affect: 81%) Pikel writhes in agony.
Pikel hits you with a +2 whip of electrocution.
* * * LOW HITPOINT WARNING * * *
You closely miss Pikel.
Pikel is almost dead.
Pikel hits you with a +2 whip of electrocution!
You die...
Pikel says, "See you in Hell!"

### .[#### .....#
..##.#############
#.##.............#
..##############.#
..######### #K#
..........# #@#
.)..#####.# #.#
....#####.# #.#
........#.# #.#
...####.#.######.#
..## #.#.#......#
..#####..#..######
#.##....###.#
#.##.##..#.##


You could see Pikel.

Vanquished Creatures
  An orc priest (D:3)
  An iguana (D:3)
  7 adders
  A dart slug (D:3)
  6 orcs (D:3)
  4 ball pythons
  7 bats
  3 endoplasms (D:1)
  4 giant cockroaches (D:1)
  4 goblins
  7 hobgoblins
  4 jackals (D:2)
  2 kobolds
  5 frilled lizards
  3 rats
  A spectral hobgoblin (D:3)
60 creatures vanquished.

Vanquished Creatures (collateral kills)
  A dart slug (D:3)
  An orc (D:3)
  A bat (D:2)
  An endoplasm (D:2)
  A goblin (D:1)
  A hobgoblin (D:1)
6 creatures vanquished.

Grand Total: 66 creatures vanquished

Notes
Turn   | Place    | Note
-------+----------+-------------------------------------------
     0 | D:1      | stipulation the Vine Stalker Necromancer began the quest
                  | for the Orb.
     0 | D:1      | Reached XP level 1. HP: 9/9 MP: 4/4
   208 | D:1      | Reached XP level 2. HP: 13/13 MP: 1/6
   398 | D:1      | Found Quizoocu's General Store.
  1036 | D:1      | Reached XP level 3. HP: 16/16 MP: 5/8
  1584 | D:2      | Found a sparkling altar of Nemelex Xobeh.
  1871 | D:2      | Reached XP level 4. HP: 18/21 MP: 5/10
  1904 | D:2      | Reached skill level 5 in Necromancy
  2344 | D:3      | Found a faded altar of an unknown god.
  2447 | D:3      | Reached XP level 5. HP: 13/24 MP: 8/12
  2466 | D:3      | Learned a level 3 spell: Vampiric Draining
  2471 | D:3      | Learned a level 4 spell: Animate Dead
  2687 | D:3      | Found Othefux's Assorted Antiques.
  3367 | D:4      | Noticed a lemure
  3367 | D:4      | Noticed a lemure
  3367 | D:4      | Noticed a lemure
  3371 | D:4      | Noticed a lemure
  3385 | D:4      | Noticed Pikel
  3496 | D:3      | Slain by Pikel

Illustrated notes

Levels and vault maps discovered:
D:1:      lightli_arrival_boilingwater, layout_basic, serial_shops,
          nicolae_shop_rolling_square
D:2:      layout_basic, basic_altar, nicolae_elevator_lobby_plus
D:3:      layout_loops_ring, serial_shops, shop,
          dreamdust_ecumenical_altar_drowned_temple
D:4:      layout_cave_pools, nicolae_overflow_crystal_walls,
          nicolae_vehumet_altar_sigil, serial_rivers,
          chequers_serial_rivers_large_b, chequers_serial_rivers_room_a,
          chequers_serial_rivers_micro_e, chequers_serial_rivers_micro_c,
          chequers_serial_rivers_small_a, uniq_pikel, uniq_robin

Skill      XL: |  1  2  3  4 |
---------------+-------------+-----
Spellcasting   | 3 4 |  4.4
Necromancy     | 5 |  5.5
Dodging        | |  1.5
Stealth        | |  2.4

Action                     |  1- 3 |  4- 6 || total
---------------------------+-------+-------++-------
  Melee: Bite              |     6 |    20 ||    26
         Unarmed           |     1 |       ||     1
         Dagger            |    16 |    56 ||    72
         Punch             |     1 |     1 ||     2
   Cast: Necrotise         |    66 |    54 ||   120
         Vampiric Draining |       |     3 ||     3
    Use: Scroll            |       |     9 ||     9
 Armour: Robe              |    16 |    38 ||    54
  Dodge: Dodged            |    33 |    41 ||    74
